 Dungeon Crawl Stone Soup version 0.19.1-1-g22dce08 (webtiles) character file.

811 Mesmaeker13 the Firebug (level 7, -4/36 HPs)
             Began as a Deep Elf Fire Elementalist on Jan 9, 2017.
             Was an Initiate of Sif Muna.
             Shot with an arrow by a centaur (15 damage)
             ... on level 5 of the Dungeon.
             The game lasted 00:12:07 (5127 turns).

Mesmaeker13 the Firebug (DEFE)                      Turns: 5127, Time: 00:12:08

Health: -4/36      AC:  6    Str:  6    XL:     7   Next: 61%
Magic:  2/13       EV: 13    Int: 21    God:    Sif Muna [......]
Gold:   312        SH:  0    Dex: 15    Spells: 4 memorised, 1 level left

rFire  + . .     SeeInvis .     x - +4 quarterstaff (chaos)
rCold  . . .     Gourm    .     o - +2 robe {rF+}
rNeg   . . .     Faith    .     (shield currently unavailable)
rPois  .         Spirit   .     (no helmet)
rElec  .         Reflect  .     y - +0 cloak
rCorr  .         Harm     .     (no gloves)
MR     .....                    e - +0 pair of boots
Stlth  ++........               (no amulet)
                                (no ring)
                                (no ring)

@: no status effects
A: no striking features
a: Renounce Religion


You were on level 5 of the Dungeon.
You worshipped Sif Muna.
Sif Muna was noncommittal.
You were not hungry.

You visited 2 branches of the dungeon, and saw 6 of its levels.

You collected 312 gold pieces.

Inventory:

Hand Weapons
 x - a +4 quarterstaff of chaos (weapon)
Armour
 e - a +0 pair of boots (worn)
 k - the +1 leather armour of Lowiffeff {+Inv, unknown}
   (You found it on level 5 of the Dungeon)

   It lets you turn invisible.
 o - a +2 robe of fire resistance (worn)
 y - a +0 cloak (worn)
Wands
 A - a wand of lightning (7/15)
Scrolls
 a - a scroll of immolation {unknown}
 f - 2 scrolls of recharging {unknown}
 i - a scroll of fear
 m - 2 scrolls of teleportation {unknown}
 w - 2 scrolls of amnesia {unknown}
 z - 2 scrolls of magic mapping {unknown}
Potions
 g - 3 potions of curing {unknown}
 h - a potion of heal wounds {unknown}
 j - a potion of brilliance {unknown}
 n - a potion of might {unknown}
 p - a potion of haste {unknown}
 q - 2 potions of flight
 s - 3 potions of lignification {unknown}
 t - 3 potions of cure mutation {unknown}
 u - 3 potions of resistance
 B - a potion of berserk rage {unknown}
Books
 b - a book of Flames

   Spells                             Type                      Level
   a - Flame Tongue                   Conjuration/Fire             1
   b - Throw Flame                    Conjuration/Fire             2
   c - Conjure Flame                  Conjuration/Fire             3
   d - Inner Flame                    Hexes/Fire                   3
   e - Sticky Flame                   Conjuration/Fire             4
   f - Fireball                       Conjuration/Fire             5
Comestibles
 c - 6 bread rations
 d - 6 chunks of flesh
 l - a beef jerky
 r - a meat ration
 v - a slice of pizza


   Skills:
 + Level 2.9 Dodging
 - Level 2.4 Stealth
 - Level 3.0 Spellcasting
 + Level 6.6 Conjurations
 + Level 7.2 Fire Magic


You had one spell level left.
You knew the following spells:

 Your Spells              Type           Power        Failure   Level  Hunger
a - Flame Tongue          Conj/Fire      ####.        1%          1    None
b - Conjure Flame         Conj/Fire      ####....     2%          3    ###....
c - Throw Flame           Conj/Fire      ####..       1%          2    ##.....
d - Fireball              Conj/Fire      ####......   24%         5    ######.


Dungeon Overview and Level Annotations

Branches:
Dungeon (5/15)             Temple (1/1) D:4

Altars:
Ashenzari
Cheibriados
Dithmenos
Elyvilon
Gozag
Makhleb
Qazlal
Ru
Sif Muna
Trog
Uskayaw
Vehumet
Xom
Yredelemnul
Zin
The Shining One


Message History

You miss the jackal.
The jackal is moderately wounded.
The crimson imp blinks!
The jackal misses you.
You hit the jackal.
You kill the jackal!
Sif Muna accepts your kill.
The centaur unwields an uncursed whip.
The centaur wields a shortbow.
The centaur shoots an arrow.
The arrow hits you!
The crimson imp blinks!
The centaur shoots an arrow.
The arrow misses you.
You see here an arrow.
The centaur unwields an uncursed shortbow.
The centaur wields an uncursed whip.
The centaur closely misses you. The centaur barely misses you.
The centaur unwields an uncursed whip.
The centaur wields an uncursed shortbow.
The centaur shoots an arrow.
The arrow hits you.
You see here an arrow.
The centaur shoots an arrow.
The arrow hits you.
The centaur shoots an arrow.
The arrow hits you!
You die...

#.#####'#### #.# #.....# #.#
#.....# ######## #.# #.....#
#......# ### #.# #.....#
#......# #.. #.# #.....#
#......# #..
#.####.....####......######..
#...).......>.'..............
########.####@.#......#.......
#.........# #..########.......
#.######### #(.# #....... #.#
#..# #....... #.###########c.#
######## #..............# ###
######...(.....##.....
#.'......(.........
#.#........##......


You could see a centaur.

Vanquished Creatures
  Sigmund (D:2)
  2 ogres
  A howler monkey (D:4)
  A crimson imp (D:5)
  3 hounds
  A bullfrog zombie (D:5)
  Crazy Yiuf (D:3)
  Ijyb (D:2)
  Jessica (D:2)
  2 worker ants (D:5)
  4 adders
  2 river rats (D:3)
  An ooze (D:2)
  2 worms
  2 dart slugs
  5 leopard geckos
  7 orcs
  7 bats
  4 giant cockroaches
  9 goblins
  8 hobgoblins
  7 jackals (D:5)
  4 frilled lizards
  8 kobolds
  9 rats
93 creatures vanquished.

Notes
Turn   | Place    | Note
-------+----------+-------------------------------------------
     0 | D:1      | Mesmaeker13 the Deep Elf Fire Elementalist began the quest for the Orb.
     0 | D:1      | Reached XP level 1. HP: 10/10 MP: 6/6
    43 | D:1      | You fall through a shaft!
    64 | D:2      | Noticed Ijyb
   215 | D:1      | Reached XP level 2. HP: 15/15 MP: 2/8
   843 | D:1      | Reached XP level 3. HP: 8/19 MP: 3/9
  1033 | D:1      | Reached skill level 4 in Fire Magic
  1287 | D:2      | Noticed Sigmund
  1306 | D:2      | Learned a level 3 spell: Conjure Flame
  1322 | D:2      | Noticed Jessica
  1333 | D:2      | Killed Jessica
  1333 | D:2      | Reached XP level 4. HP: 24/24 MP: 2/10
  1813 | D:3      | Found an opulent altar of Gozag.
  1843 | D:3      | Found a sacrificial altar of Ru.
  1846 | D:3      | Found a shimmering altar of Xom.
  1850 | D:3      | Found a stormy altar of Qazlal.
  1857 | D:3      | Found a hide-covered altar of Uskayaw.
  2122 | D:3      | Found a burning altar of Makhleb.
  2492 | D:3      | Found a runed door.
  2656 | D:3      | Reached XP level 5. HP: 28/28 MP: 7/11
  2732 | D:3      | Reached skill level 5 in Fire Magic
  3014 | D:3      | Learned a level 2 spell: Throw Flame
  3014 | D:3      | Noticed Crazy Yiuf
  3017 | D:3      | Killed Crazy Yiuf
  3131 | D:2      | Found a shattered altar of Ashenzari.
  3410 | D:2      | Killed Ijyb
  3539 | D:2      | Killed Sigmund
  3539 | D:2      | Reached skill level 5 in Conjurations
  3539 | D:2      | Reached skill level 6 in Fire Magic
  3539 | D:2      | Reached XP level 6. HP: 28/32 MP: 4/12
  3886 | D:4      | Found a staircase to the Ecumenical Temple.
  3895 | Temple   | Entered the Ecumenical Temple
  3934 | Temple   | Became a worshipper of Sif Muna the Loreminder
  4236 | D:4      | Reached XP level 7. HP: 36/36 MP: 10/13
  4326 | D:4      | Learned a level 5 spell: Fireball
  4336 | D:4      | Found a basalt altar of Yredelemnul.
  4713 | D:5      | Entered Level 5 of the Dungeon
  4733 | D:5      | Got a spiked leather armour
  4900 | D:5      | Reached skill level 7 in Fire Magic
  5127 | D:5      | Shot with an arrow by a centaur

Skill      XL: |  1  2  3  4  5  6  7 |
---------------+----------------------+-----
Conjurations   | 2 3 4 5 6 |  6.6
Fire Magic     | 4 6 7 |  7.2
Dodging        | |  2.9
Stealth        | |  2.4
Spellcasting   | |  3.0

Action                   |  1- 3 |  4- 6 |  7- 9 || total
-------------------------+-------+-------+-------++-------
Melee: Dagger            |     8 |     2 |       ||    10
       Quarterstaff      |       |    25 |    24 ||    49
 Cast: Flame Tongue      |    57 |    88 |    24 ||   169
       Conjure Flame     |     1 |     3 |     2 ||     6
       Throw Flame       |       |     1 |     5 ||     6
  Use: Scroll            |       |     5 |     1 ||     6
 Stab: Sleeping          |       |     1 |     1 ||     2
       Petrified         |       |     4 |       ||     4
       Confused          |       |       |     1 ||     1
       Paralysed         |       |       |     1 ||     1
  Eat: Chunk             |     1 |     9 |     3 ||    13
Armor: Robe              |     5 |     9 |     6 ||    20
Dodge: Dodged            |    28 |    29 |    22 ||    79
